 Dungeon Crawl Stone Soup version 0.30-a0-743-gbfdf073431 (webtiles) character file.

Game seed: 7242209826625114650

4720 porpoise the Spear-Bearer (level 10, 0/79 HPs)
             Began as a Demonspawn Gladiator on Feb 6, 2023.
             Was an Initiate of Ashenzari.
             Slain by a kobold brigand
             ... wielding a +0 war axe
              (5 damage)
             ... in a bailey.
             The game lasted 00:37:29 (8873 turns).

porpoise the Spear-Bearer (Demonspawn Gladiator)    Turns: 8873, Time: 00:37:30

Health: 0/79       AC: 12    Str: 17    XL:     10   Next: 22%
Magic:  16/16      EV: 13    Int: 16    God:    Ashenzari [......]
Gold:   273        SH:  0    Dex: 14    Spells: 10/17 levels left

rFire   . . .      SeeInvis .    a - +0 trident (venom)
rCold   . . .      Faith    .    (no shield)
rNeg    . . .      Spirit   .    x - +0 swamp dragon scales
rPois   +          Reflect  .    (helmet restricted)
rElec   .          Harm     .    (no cloak)
rCorr   .          Rampage  .    C - +2 pair of gloves {Stlth+}
Will    .....                    (no boots)
Stlth   +++                      (no amulet)
HPRegen 0.33/turn                (no ring)
MPRegen 0.15/turn                (no ring)

@: no status effects
A: antennae 2, powered by pain 3, big brain 2, demonic magic 2
a: Renounce Religion, Curse Item


You were in a bailey.
You worshipped Ashenzari.
Ashenzari was noncommittal.
You visited 2 branches of the dungeon, and saw 9 of its levels.
You also visited: Sewer and Bailey.

You collected 531 gold pieces.
You spent 258 gold pieces at shops.

Inventory:

Hand Weapons
 a - a +0 trident of venom (weapon)
 b - a +0 sling
 B - the +10 war axe of Perfectionism {heavy, Will+}
   (You found it on level 7 of the Dungeon)

   Will:      It increases your willpower.
Missiles
 e - 7 javelins (quivered)
 f - 3 datura-tipped darts
 j - 12 boomerangs
 r - 52 poisoned darts
Armour
 x - +0 swamp dragon scales (worn)
 C - a +2 pair of gloves of stealth (worn)
Wands
 d - a wand of roots (8)
 D - a wand of polymorph (9)
Scrolls
 c - a scroll of poison {unknown}
 l - 2 scrolls of noise
 p - a scroll of immolation {unknown}
 t - a scroll of blinking {unknown}
 v - a scroll of enchant weapon {unknown}
 w - a scroll of magic mapping
 y - 2 scrolls of teleportation
 F - a scroll of butterflies
Potions
 g - 3 potions of mutation
 h - 2 potions of ambrosia
 i - 2 potions of flight
 k - 2 potions of curing
 m - a potion of magic
 n - 2 potions of might
 o - a potion of brilliance {unknown}
 q - a potion of attraction {unknown}
 s - a potion of invisibility {unknown}
 u - a potion of heal wounds
 z - a potion of resistance {unknown}
 A - 2 potions of haste


   Skills:
 - Level 7.0 Fighting
 + Level 9.3 Polearms
 - Level 1.7 Throwing
 - Level 7.0 Armour
 - Level 5.0 Dodging
 - Level 5.0 Stealth
 + Level 4.4 Spellcasting
 * Level 4.0 Poison Magic


You had 10 spell levels left.
You knew the following spells:

 Your Spells              Type           Power      Damage    Failure   Level
i - Ignite Poison         Fire/Tmut/Pois 7%         N/A       43%         3
o - Olgreb's Toxic Radia  Pois           16%        N/A       45%         4

Your spell library contained the following spells:

 Spells                   Type           Power      Damage    Failure   Level
 Sublimation of Blood     Necr           3%         N/A       38%         2
 Kindle Blastsparks       Fire/Tloc/Air  6%         2d10      63%         3
 Anguish                  Hex/Necr       1%         N/A       95%         4
 Fulminant Prism          Conj/Hex       1%         3d5       95%         4
 Iskenderun's Mystic Bla  Conj/Tloc      3%         2d3       95%         4
 Petrify                  Tmut/Erth      3%         N/A       95%         4
 Freezing Cloud           Conj/Ice/Air   1%         6-21      100%        5
 Irradiate                Conj/Tmut      1%         3d12      100%        5
 Lee's Rapid Deconstruct  Erth           1%         3d4*      100%        5
 Enfeeble                 Hex            1%         N/A       100%        7
 Ozocubu's Refrigeration  Ice            1%         4d7       100%        7
 Ignition                 Fire           1%         3d3       100%        8


Dungeon Overview and Level Annotations

Branches:
Dungeon (8/15)             Temple (1/1) D:7            Lair (0/5) D:8
  Sewer (visited)          Bailey (1/1)

Altars:
Ashenzari
Cheibriados
Dithmenos
Fedhas
Gozag
Kikubaaqudgha
Makhleb
Nemelex Xobeh
Qazlal
Ru
Sif Muna
Trog
Uskayaw
Vehumet
Wu Jian
Xom
Yredelemnul

Shops:
D:5 [   D:6 *[(


Innate Abilities, Weirdness & Mutations

You have a pair of antennae on your head.
You are powered by pain.
You have an extremely huge brain. (Int +4)
Spells you cast may paralyse nearby enemies.


Message History

The kobold brigand looks as sick as possible!
The kobold brigand is heavily wounded.
You barely miss the orc warrior.
The orc warrior is heavily wounded.
The kobold brigand hits you but does no damage.
The kobold brigand hits you with a +0 war axe.
The orc warrior barely misses you.
You closely miss the orc warrior.
The orc warrior is heavily wounded.
The kobold brigand closely misses you.
The kobold brigand hits you with a +0 war axe.
The orc warrior barely misses you.
You miss the orc warrior.
The orc warrior is heavily wounded.
The kobold brigand hits you with a +0 war axe.
The kobold brigand closely misses you.
The orc warrior hits you with a +0 war axe!
You hit the kobold brigand but do no damage.
The kobold brigand is severely wounded.
The kobold brigand closely misses you.
The kobold brigand hits you with a +0 war axe.
* * * LOW HITPOINT WARNING * * *
The orc warrior hits you with a +0 war axe!
* * * LOW HITPOINT WARNING * * *
You hit the orc warrior but do no damage.
The orc warrior is heavily wounded.
You hit the orc warrior but do no damage.
The orc warrior is poisoned.
The orc warrior is heavily wounded.
The kobold brigand closely misses you.
The kobold brigand hits you but does no damage.
The orc warrior hits you with a +0 war axe.
* * * LOW HITPOINT WARNING * * *
You hit the orc warrior but do no damage.
The orc warrior looks as sick as possible!
The orc warrior is heavily wounded.
The kobold brigand hits you with a +0 war axe.
* * * LOW HITPOINT WARNING * * *
The kobold brigand hits you with a +0 war axe.
You die...

....K. ....... .....
.... ... ###'###
##..o..## #..K8K..#
#∩.)@o.∩# ##.....##
####'''####
##~.......~##
#####~~.......~~#####
#....~~.......~~....#
#.###~~.......~~###.#
#....~~.......~~....#
#.###~~.......~~###.#


You could see 2 orc warriors and 2 kobold brigands.

Vanquished Creatures
  A two-headed ogre (D:8)
  Maggie (D:6)
  A shadow (D:7)
  2 steam dragons
  2 water moccasins
  2 orc warriors
  2 sky beasts
  A black bear (D:4)
  An ogre (D:6)
  3 phantoms
  2 centaurs
  5 kobold brigands
  Blork the orc (D:6)
  3 bullfrogs
  A scorpion (D:6)
  A necrophage (D:5)
  A gnoll sergeant (D:7)
  A howler monkey (D:7)
  2 gnoll boudas
  2 hounds
  3 orc priests
  A jelly (D:4)
  An iguana (D:4)
  2 orc wizards
  Terence (D:2)
  9 gnolls
  13 adders
  9 river rats
  2 white imps
  4 worms
  4 dart slugs
  28 orcs
  10 bats
  3 endoplasms
  4 giant cockroaches
  9 goblins
  5 hobgoblins
  10 jackals
  5 quokkas
  12 ball pythons
  3 frilled lizards
  44 kobolds
  20 rats
237 creatures vanquished.

Vanquished Creatures (others)
  5 fungi (D:3)
  6 plants (D:3)
11 creatures vanquished.

Grand Total: 248 creatures vanquished

Notes
Turn   | Place    | Note
-------+----------+-------------------------------------------
     0 | D:1      | porpoise the Demonspawn Gladiator began the quest for the
                  | Orb.
     0 | D:1      | Reached XP level 1. HP: 16/16 MP: 1/1
   175 | D:1      | Reached skill level 3 in Polearms
   316 | D:1      | Gained mutation: You have a pair of small antennae on your
                  | head. [demonic ancestry]
   316 | D:1      | Reached XP level 2. HP: 22/22 MP: 2/2
   688 | D:1      | Gained mutation: You have an unusually large brain. (Int
                  | +2) [demonic ancestry]
   688 | D:1      | Reached XP level 3. HP: 28/28 MP: 3/3
   929 | D:2      | Found a basalt altar of Yredelemnul.
   962 | D:2      | Noticed Terence
   988 | D:2      | Killed Terence
   989 | D:2      | Reached skill level 4 in Polearms
   989 | D:2      | Gained mutation: You have an extremely huge brain. (Int +4)
                  | [demonic ancestry]
   989 | D:2      | Reached XP level 4. HP: 20/34 MP: 4/4
  2077 | D:3      | Found a faded altar of an unknown god.
  2214 | D:3      | Gained mutation: You sometimes gain a little power by
                  | taking damage. [demonic ancestry]
  2214 | D:3      | Reached XP level 5. HP: 36/41 MP: 5/5
  2779 | D:3      | Reached skill level 5 in Polearms
  3112 | D:4      | Noticed a black bear
  3128 | D:4      | Killed a black bear
  3129 | D:4      | Gained mutation: Spells you cast may paralyse adjacent
                  | enemies. [demonic ancestry]
  3129 | D:4      | Reached XP level 6. HP: 16/48 MP: 6/6
  3824 | D:4      | Reached skill level 6 in Polearms
  3824 | D:4      | Gained mutation: You sometimes gain power by taking damage.
                  | [demonic ancestry]
  3824 | D:4      | Reached XP level 7. HP: 23/55 MP: 7/7
  3966 | D:4      | Found a shimmering blue altar of Sif Muna.
  4484 | D:5      | Entered Level 5 of the Dungeon
  4484 | D:5      | Found Cuarei Circh's Armour Emporium.
  4643 | D:5      | Reached skill level 5 in Fighting
  4651 | D:5      | Found a glowing drain.
  4660 | Sewer    | Entered a sewer
  4761 | Sewer    | Reached skill level 7 in Polearms
  4761 | Sewer    | Reached skill level 5 in Armour
  4761 | Sewer    | Reached skill level 5 in Dodging
  4761 | Sewer    | Gained mutation: You have a pair of antennae on your head.
                  | [demonic ancestry]
  4761 | Sewer    | Reached XP level 8. HP: 65/65 MP: 7/14
  4938 | Sewer    | Reached skill level 8 in Polearms
  5984 | D:6      | Found Jits's Weapon Shop.
  6291 | D:6      | Gained mutation: Spells you cast may paralyse nearby
                  | enemies. [demonic ancestry]
  6291 | D:6      | Reached XP level 9. HP: 70/72 MP: 15/15
  6354 | D:6      | Noticed Blork the orc
  6364 | D:6      | Killed Blork the orc
  6416 | D:6      | Found Xazex's Armour Shoppe.
  6430 | D:6      | Reached skill level 5 in Stealth
  6452 | D:6      | Noticed Maggie
  6479 | D:6      | Killed Maggie
  6610 | D:6      | Found Zuinaul's General Store.
  7282 | D:7      | Found a staircase to the Ecumenical Temple.
  7293 | D:7      | Identified the +10 war axe of Perfectionism {heavy, Will+}
  7303 | D:7      | Learned a level 3 spell: Ignite Poison
  7308 | D:7      | Learned a level 4 spell: Olgreb's Toxic Radiance
  7310 | Temple   | Entered the Ecumenical Temple
  7426 | Temple   | Became a worshipper of Ashenzari the Shackled
  7521 | D:7      | Reached skill level 9 in Polearms
  7613 | D:5      | Bought a +2 pair of gloves of stealth for 258 gold pieces
  7941 | D:7      | Reached skill level 1 in Poison Magic
  8315 | D:8      | Noticed a two-headed ogre
  8324 | D:8      | Killed a two-headed ogre
  8325 | D:8      | Gained mutation: You are powered by pain. [demonic
                  | ancestry]
  8325 | D:8      | Reached XP level 10. HP: 79/79 MP: 16/16
  8388 | D:8      | Found a flagged portal.
  8642 | Bailey   | Entered a bailey
  8873 | Bailey   | Slain by a kobold brigand

Illustrated notes

Levels and vault maps discovered:
D:1:      wander_arrival_chamber, layout_loops_ring, minmay_misc_feat_columns
D:2:      layout_basic, basic_altar, uniq_terence
D:3:      layout_basic, shapermc_ecumenical_altar_mp_ritualfount
D:4:      nicolae_cairo_tiling_large_dashed, layout_loops_corners,
          amcnicky_altar_gilded
D:5:      layout_rooms, serial_shops, nicolae_stop_n_shop_2,
          portal_sewer_entry_b
D:6:      layout_basic, serial_shops, nicolae_shop_bloodbath_and_beyond,
          nicolae_shop_crystal, shop, chequers_serial_rivers_micro_d,
          uniq_maggie, uniq_blork_the_orc
D:7:      layout_gridville, minmay_temple_entry_offerings
D:8:      layout_loops_cross, chequers_temple_overflow_statue_of_worship,
          lair_entry_dummy, enter_bailey_2
Temple:   mainiacjoe_temple_coin_purse
Bailey:   bailey_axe_3, bailey

Skill      XL: |  1  2  3  4  5  6  7  8  9 10 |
---------------+-------------------------------+-----
Polearms       | 3 4 5 6 7 8 9 |  9.3
Fighting       | 3 4 6 7 |  7.0
Armour         | 5 6 7 |  7.0
Dodging        | 5 |  5.0
Stealth        | 4 5 |  5.0
Spellcasting   | 4 |  4.4
Poison Magic   | 3 4 |  4.0
Throwing       | |  1.7

Action                     |  1- 3 |  4- 6 |  7- 9 | 10-12 || total
---------------------------+-------+-------+-------+-------++-------
  Melee: Trident           |    79 |   250 |   407 |   106 ||   842
         Punch             |     1 |     2 |     8 |     1 ||    12
   Fire: Sling             |    23 |       |    19 |    24 ||    66
  Throw: Throwing net      |     3 |       |     3 |       ||     6
         Dart              |       |       |     3 |       ||     3
    Use: Potion            |     1 |       |     1 |     1 ||     3
         Scroll            |       |     4 |    10 |     1 ||    15
   Stab: Sleeping          |     1 |       |     4 |       ||     5
         Held in net/web   |     2 |       |     4 |       ||     6
         Distracted        |       |       |     2 |       ||     2
 Armour: Leather armour    |    12 |    38 |       |       ||    50
         Ring mail         |       |       |    78 |       ||    78
         Swamp dragon scal |       |       |    36 |    37 ||    73
  Dodge: Dodged            |    40 |   116 |   190 |    75 ||   421

Table legend: (Time is in decaauts)
 A = Elapsed time spent in this place.
 B = Non-inter-level travel time spent in this place.
 C = Inter-level travel time spent in this place.
 D = Time resting spent in this place.
 E = Time spent auto-exploring this place.
 F = Levels seen in this place.
 G = Mean time per level.
                   A        B        C        D        E       F      G
               +--------+--------+--------+--------+--------+-----+--------+
         Total |   8883 |   8569 |    314 |   2768 |   3692 |  11 |  807.5 |
       Dungeon |   7637 |   7336 |    301 |   2316 |   3475 |   8 |  954.6 |
        Temple |    129 |    116 |     13 |      0 |     86 |   1 |  129.0 |
         Sewer |    877 |    877 |      0 |    408 |    131 |   1 |  877.0 |
        Bailey |    239 |    239 |      0 |     44 |      0 |   1 |  239.0 |
               +--------+--------+--------+--------+--------+-----+--------+

Top non-repeatable levels by time:
     D:4: 1631 daAuts
     D:7: 1092 daAuts
     D:2: 1079 daAuts
     D:6: 1055 daAuts
     D:1: 929 daAuts
     D:3: 919 daAuts
   Sewer: 877 daAuts
     D:5: 591 daAuts
     D:8: 337 daAuts
  Bailey: 239 daAuts
  Temple: 129 daAuts
